 Dungeon Crawl Stone Soup version 0.29-a0-653-gd47aff6735 (webtiles) character file.

Game seed: 14302349419390765107

3070 Gwenloh the Cleaver (level 9, -7/82 HPs)
             Began as a Hill Orc Fighter on June 20, 2022.
             Was a High Priest of the Shining One.
             Mangled by a wyvern (11 damage)
             ... on level 8 of the Dungeon on June 21, 2022.
             The game lasted 00:30:42 (9847 turns).

Gwenloh the Cleaver (Hill Orc Fighter)              Turns: 9847, Time: 00:30:42

Health: -7/82      AC:  8    Str: 19    XL:     9   Next: 88%
Magic:  13/13      EV:  9    Int: 14    God:    the Shining One [*****.]
Gold:   586        SH: 10    Dex: 14    Spells: 8/8 levels left

rFire   . . .      SeeInvis .   a - +0 war axe
rCold   + . .      Faith    .   u - +0 kite shield
rNeg    + + .      Spirit   .   k - +2 leather armour {rC+}
rPois   .          Reflect  .   (no helmet)
rElec   .          Harm     .   (no cloak)
rCorr   .          Rampage  .   v - +0 pair of gloves
Will    .....                   q - +0 pair of boots
Stlth   +.........              j - amulet of the acrobat
HPRegen 0.23/turn               R - +6 ring of intelligence
MPRegen 0.13/turn               (no ring)

@: mighty, glowing
A: no striking features
a: Renounce Religion, Divine Shield, Cleansing Flame, Summon Divine Warrior


You were on level 8 of the Dungeon.
You worshipped the Shining One.
The Shining One was extremely pleased with you.
You visited 2 branches of the dungeon, and saw 9 of its levels.
You also visited: Ossuary.

You collected 586 gold pieces.

Inventory:

Hand Weapons
 a - a +0 war axe (weapon)
 b - a +0 hand crossbow
 o - a +0 flail
 y - a +0 trident
 A - a +2 flail of protection
 O - a +6 spear
 V - a +0 hunting sling
Missiles
 E - 20 poisoned darts
 U - a curare-tipped dart
Armour
 c - a +0 buckler
 k - a +2 leather armour of cold resistance (worn)
 q - a +0 pair of boots (worn)
 u - a +0 kite shield (worn)
 v - a +0 pair of gloves (worn)
 w - a +0 scale mail
Jewellery
 f - an amulet of regeneration
 j - an amulet of the acrobat (around neck)
 M - a ring of fire
 R - a +6 ring of intelligence (left hand)
Wands
 B - a wand of iceblast (9)
 D - a wand of polymorph (8)
 P - a wand of light (5)
Scrolls
 e - a scroll of amnesia
 g - a scroll of vulnerability
 h - 3 scrolls of poison
 n - 4 scrolls of teleportation
 s - 3 scrolls of fog
 t - 3 scrolls of blinking
 z - 3 scrolls of identify
 G - a scroll of immolation {unknown}
 I - a scroll of brand weapon {unknown}
 K - 2 scrolls of magic mapping {unknown}
 L - a scroll of acquirement {unknown}
 N - 3 scrolls of silence {unknown}
 Q - a scroll of noise {unknown}
 S - a scroll of enchant weapon {unknown}
 T - 4 scrolls of enchant armour {unknown}
Potions
 d - 4 potions of might
 i - a potion of resistance
 l - 3 potions of lignification {unknown}
 m - 6 potions of curing
 p - 2 potions of heal wounds {unknown}
 r - a potion of cancellation {unknown}
 x - 2 potions of mutation {unknown}
 C - a potion of berserk rage {unknown}
 F - 2 potions of attraction {unknown}
 H - a potion of haste {unknown}
 J - a potion of flight {unknown}


   Skills:
 + Level 8.4 Fighting
 + Level 8.7 Axes
 + Level 7.6 Armour
 + Level 7.6 Shields
 + Level 6.0 Invocations


You had 8 spell levels left.
You didn't know any spells.
Your spell library contained the following spells:

 Spells                   Type           Power      Damage    Failure   Level
 Magic Dart               Conj           0%         1d3       63%         1
 Call Imp                 Summ           0%         N/A       77%         2
 Mephitic Cloud           Conj/Pois/Air  0%         N/A       94%         3
 Airstrike                Air            0%         N/A       100%        4
 Summon Lightning Spire   Summ/Air       0%         N/A       100%        4
 Lightning Bolt           Conj/Air       0%         1d11      100%        5


Dungeon Overview and Level Annotations

Branches:
Dungeon (8/15)             Temple (1/1) D:5         Ossuary (visited)
   Lair: D:8-11

Altars:
Ashenzari
Cheibriados
Dithmenos
Elyvilon
Fedhas
Gozag
Hepliaklqana
Kikubaaqudgha
Makhleb
Nemelex Xobeh
Okawaru
Qazlal
Ru
Sif Muna
Trog
Uskayaw
Vehumet
Wu Jian
Xom
Yredelemnul
Zin
The Shining One

Shops:
D:2 *


Message History

Your Invocations skill increases to level 6!
You slash the wyvern!
The wyvern is moderately wounded.
The wyvern bites you.
You barely miss the wyvern.
The wyvern is moderately wounded.
The wyvern closely misses you. x2
You hit the wyvern but do no damage.
The wyvern is moderately wounded.
The wyvern closely misses you. The wyvern bites you.
You hit the wyvern but do no damage.
The wyvern is moderately wounded.
You block the wyvern's attack. The wyvern bites you.
You hit the wyvern but do no damage.
The wyvern is moderately wounded.
You block the wyvern's attack. The wyvern bites you!
You barely miss the wyvern.
The wyvern is moderately wounded.
The wyvern closely misses you. The wyvern bites you!
* * * LOW HITPOINT WARNING * * *
You feel very mighty all of a sudden. You block the wyvern's attack.
You slash the wyvern!
The wyvern is heavily wounded.
The wyvern bites you.
* * * LOW HITPOINT WARNING * * *
The wyvern bites you! The Shining One protects you from harm!
You hit the wyvern.
The wyvern is severely wounded.
The wyvern hisses menacingly.
The wyvern barely misses you. You block the wyvern's attack.
You barely miss the wyvern.
The wyvern is severely wounded.
The wyvern bites you!
* * * LOW HITPOINT WARNING * * *
You slash the wyvern!
The wyvern is almost dead.
The wyvern barely misses you. The wyvern bites you!
You die...

.###### y# .#....# .# #
.#.##.# ####### .#.#
.#..#.####.....######.#.##
..........................
.#....................#
.#..#.####.....#......#
.#.)#.# #.....#l####.#
.#..#.# #.....#@# .#
.#..#.# #######.# .#
.#..#.# #.# ..
.####.######. ..# ..
>............ ... ...
#............ .... ...
#....#######. ...# #....#
..#.. #....####


You could see a wyvern.

Vanquished Creatures
  A wyvern (D:8)
  Eustachio (D:4)
  Menkaure (Ossuary)
  2 sky beasts (D:7)
  An ice beast (D:7)
  2 black bears (D:6)
  An ogre (D:4)
  2 centaurs (D:8)
  2 kobold brigands
  3 bullfrogs
  A necrophage (D:6)
  3 scorpions
  7 wights (D:6)
  6 killer bees (D:8)
  An electric eel (D:7)
  2 howler monkeys
  3 hounds
  A jelly (D:6)
  A gnoll shaman (D:7)
  3 iguanas
  Ijyb (D:3)
  3 mummies (Ossuary)
  6 adders
  14 gnolls
  2 shadow imps (D:7)
  2 ufetubi (D:7)
  2 worms
  A dart slug (D:3)
  9 orcs
  8 bats
  6 endoplasms
  18 giant cockroaches
  5 goblins
  6 hobgoblins
  7 jackals (D:1)
  2 quokkas
  6 ball pythons
  4 frilled lizards
  2 gnoll skeletons (Ossuary)
  2 gnoll zombies (Ossuary)
  5 goblin skeletons (Ossuary)
  3 goblin zombies (Ossuary)
  8 hobgoblin skeletons (Ossuary)
  3 hobgoblin zombies (Ossuary)
  17 kobolds
  2 kobold skeletons (Ossuary)
  7 kobold zombies (Ossuary)
  4 orc skeletons (Ossuary)
  8 orc zombies (Ossuary)
  8 rats
  4 rat skeletons (Ossuary)
  2 rat zombies (Ossuary)
221 creatures vanquished.

Vanquished Creatures (others)
  A fungus (D:8)
1 creature vanquished.

Grand Total: 222 creatures vanquished

Notes
Turn   | Place    | Note
-------+----------+-------------------------------------------
     0 | D:1      | Gwenloh the Hill Orc Fighter began the quest for the Orb.
     0 | D:1      | Reached XP level 1. HP: 19/19 MP: 1/1
   123 | D:1      | Reached XP level 2. HP: 15/27 MP: 2/2
   620 | D:1      | Reached XP level 3. HP: 33/33 MP: 3/3
  1029 | D:2      | Found a faded altar of an unknown god.
  1213 | D:2      | Found Besecs's Assorted Antiques.
  1662 | D:2      | Reached XP level 4. HP: 34/40 MP: 4/4
  2142 | D:3      | HP: 2/41 [gnoll/+0 spear (1)]
  2634 | D:3      | Reached XP level 5. HP: 28/47 MP: 5/5
  3868 | D:4      | Noticed Eustachio
  3950 | D:3      | Reached XP level 6. HP: 53/55 MP: 6/6
  3967 | D:4      | Reached skill level 5 in Fighting
  4113 | D:4      | Noticed Ijyb
  4465 | D:3      | Killed Ijyb
  4466 | D:3      | Reached skill level 5 in Axes
  4808 | D:3      | Reached skill level 5 in Armour
  4808 | D:3      | Reached skill level 5 in Shields
  4808 | D:3      | Reached XP level 7. HP: 33/61 MP: 7/7
  4812 | D:4      | Killed Eustachio
  5098 | D:5      | Entered Level 5 of the Dungeon
  5451 | D:5      | Found a staircase to the Ecumenical Temple.
  5457 | Temple   | Entered the Ecumenical Temple
  5526 | Temple   | Upgraded the game from 0.29-a0-648-g6b26cc9f40 to
                  | 0.29-a0-653-gd47aff6735
  5530 | Temple   | Became a worshipper of the Shining One
  6209 | D:6      | Reached skill level 1 in Invocations
  6216 | D:6      | Reached XP level 8. HP: 33/71 MP: 8/8
  7537 | D:6      | Reached * piety under the Shining One
  7997 | D:7      | Reached XP level 9. HP: 79/79 MP: 10/12
  8381 | D:7      | Found a sacrificial altar of Ru.
  8393 | D:7      | Found a sand-covered staircase.
  8411 | Ossuary  | Entered an ossuary
  8429 | Ossuary  | Reached ** piety under the Shining One
  8533 | Ossuary  | Reached *** piety under the Shining One
  8654 | Ossuary  | Reached **** piety under the Shining One
  8778 | Ossuary  | Noticed Menkaure
  8778 | Ossuary  | Reached ***** piety under the Shining One
  8783 | Ossuary  | Killed Menkaure
  8784 | Ossuary  | Reached skill level 5 in Invocations
  9844 | D:8      | The Shining One protects you from harm!
  9846 | D:8      | HP: 4/82 [wyvern (7)]
  9847 | D:8      | Mangled by a wyvern

Illustrated notes

Levels and vault maps discovered:
D:1:      scummos_arrival_gate, layout_basic, minmay_quantized
D:2:      layout_loops_cross, basic_ecumenical_altar, serial_shops,
          nicolae_shop_trees
D:3:      minmay_roachtagon, layout_loops_corners,
          chequers_serial_rivers_micro_a, wander_ebering_terrifying_dragon_lair
D:4:      layout_cave_pools, hangedman_minor_gate_pass, uniq_eustachio,
          uniq_ijyb
D:5:      layout_loops_cross, minmay_temple_entry_wispy,
          nicolae_elevator_lobby_asterisk
D:6:      layout_loops_ring
D:7:      layout_loops_ring, nicolae_ru_sacrificial_ziggurat,
          nicolae_ossuary_entry_ruins, minivault_4
D:8:      layout_basic, david_lair_generic
Temple:   kilobyte_greek_temple

Skill      XL: |  1  2  3  4  5  6  7  8  9 |
---------------+----------------------------+-----
Axes           | 3 4 5 6 7 8 |  8.7
Fighting       | 4 5 6 7 8 |  8.4
Armour         | 4 5 6 7 |  7.6
Shields        | 4 5 6 7 |  7.6
Invocations    | 1 4 6 |  6.0

Action                   |  1- 3 |  4- 6 |  7- 9 || total
-------------------------+-------+-------+-------++-------
Melee: War axe           |   133 |   150 |   376 ||   659
       Unarmed           |       |    20 |       ||    20
 Fire: Hunting sling     |       |    59 |    31 ||    90
       Hand crossbow     |       |       |     2 ||     2
Throw: Stone             |    25 |     7 |    18 ||    50
       Dart              |       |     6 |     1 ||     7
       Boomerang         |       |       |    70 ||    70
Invok: Divine Shield     |       |       |     1 ||     1
  Use: Scroll            |       |     7 |     2 ||     9
       Potion            |       |     3 |     1 ||     4
Armor: Scale mail        |    40 |       |       ||    40
       Leather armour    |    17 |    53 |   120 ||   190
       Skin              |       |     4 |       ||     4
Dodge: Dodged            |    59 |   104 |   141 ||   304
Block: Buckler           |    33 |    16 |       ||    49
       Kite shield       |       |    64 |   186 ||   250

Table legend: (Time is in decaauts)
 A = Elapsed time spent in this place.
 B = Non-inter-level travel time spent in this place.
 C = Inter-level travel time spent in this place.
 D = Time resting spent in this place.
 E = Time spent auto-exploring this place.
 F = Levels seen in this place.
 G = Mean time per level.
                   A        B        C        D        E       F      G
               +--------+--------+--------+--------+--------+-----+--------+
         Total |  10114 |   9473 |    641 |    856 |   6246 |  10 | 1011.4 |
       Dungeon |   9440 |   8832 |    608 |    821 |   6191 |   8 | 1180.0 |
        Temple |    107 |     74 |     33 |      0 |     38 |   1 |  107.0 |
       Ossuary |    566 |    566 |      0 |     35 |     17 |   1 |  566.0 |
               +--------+--------+--------+--------+--------+-----+--------+

Top non-repeatable levels by time:
     D:3: 2043 daAuts
     D:6: 1603 daAuts
     D:2: 1294 daAuts
     D:5: 1223 daAuts
     D:7: 1076 daAuts
     D:1: 1036 daAuts
     D:4: 849 daAuts
 Ossuary: 566 daAuts
     D:8: 312 daAuts
  Temple: 107 daAuts
